 Dungeon Crawl Stone Soup version 0.26-a0-20-g5f92b90fa0 (webtiles) character file.

Game seed: 5165353028255161157, levelgen mode: deterministic

880 Arthanis the Chopper (level 8, -1/51 HPs)
             Began as a Gargoyle Berserker on May 25, 2020.
             Was a Believer of Trog.
             Slain by an ogre
             ... wielding a +0 giant club
              (14 damage)
             ... on level 4 of the Dungeon.
             The game lasted 00:04:16 (3817 turns).

Arthanis the Chopper (Gargoyle Berserker)           Turns: 3817, Time: 00:04:16

Health: -1/51      AC: 18    Str: 21    XL:     8   Next: 5%
Magic:  8/8        EV:  7    Int: 10    God:    Trog [**....]
Gold:   284        SH:  0    Dex:  9    Spells: 7/7 levels left

rFire    . . .     SeeInvis .   a - +1 dagger (venom)
rCold    . . .     Gourm    .   (no shield)
rNeg     + . .     Faith    +   w - +0 plate armour
rPois    ∞         Spirit   .   (no helmet)
rElec    +         Reflect  .   (no cloak)
rCorr    .         Harm     .   q - +0 pair of gloves
MR       +++..                  (no boots)
Stlth    ..........             x - amulet of faith
HPRegen  1.17/turn              r - ring of protection from magic
MPRegen  0.11/turn              (no ring)

@: berserk cooldown, regenerating, slowed, very slow
A: negative energy resistance 1, electricity resistance, unbreathing,
petrification resistance, rot immunity, AC +5
a: Berserk, Trog's Hand, Renounce Religion


You were on level 4 of the Dungeon.
You worshipped Trog.
Trog was pleased with you.
You were hungry.

You visited 1 branch of the dungeon, and saw 4 of its levels.

You collected 284 gold pieces.

Inventory:

Hand Weapons
 a - a +1 dagger of venom (weapon)
 b - a +0 hand axe
 t - a +0 scythe
Armour
 f - a +0 animal skin
 q - a +0 pair of gloves (worn)
 w - a +0 plate armour (worn)
Jewellery
 r - a ring of protection from magic (left hand)
 x - an amulet of faith (around neck)
Wands
 y - a wand of polymorph (7)
Scrolls
 d - 3 scrolls of teleportation {unknown}
 e - a scroll of amnesia {unknown}
 g - 9 scrolls of identify {unknown}
 i - a scroll of fear {unknown}
 l - 4 scrolls of remove curse {unknown}
 m - a scroll of enchant armour {unknown}
 o - a scroll of immolation {unknown}
Potions
 h - a potion of stabbing {unknown}
 j - a potion of haste {unknown}
 k - a potion of heal wounds {unknown}
 n - a potion of lignification {unknown}
 p - a potion of degeneration {unknown}
 s - a potion of cancellation {unknown}
 u - a potion of mutation {unknown}
 v - a potion of might {unknown}
 A - a potion of flight {unknown}
Comestibles
 c - 9 rations
 z - 2 chunks of flesh


   Skills:
 + Level 6.0 Fighting
 * Level 6.7 Axes
 - Level 4.0 Armour
 - Level 2.0 Dodging


You had 7 spell levels left.
You didn't know any spells.
Your spell library contained the following spells:

 Spells                   Type           Power        Failure   Level  Hunger
 Confusing Touch          Hex            #.......     100%        3    ####...
 Gell's Gravitas          Tloc           #.........   100%        3    ####...
 Petrify                  Tmut/Erth      #.......     100%        4    #####..
 Metabolic Englaciation   Hex/Ice        #.........   100%        5    ######.
 Yara's Violent Unravell  Hex/Tmut       #.........   100%        5    ######.


Dungeon Overview and Level Annotations

Branches:
Dungeon (4/15)
 Temple: D:4-7

Altars:
Okawaru
Qazlal
Trog
Uskayaw

Shops:
D:4 }

Annotations:
D:4 Dowan


Innate Abilities, Weirdness & Mutations

You are resistant to torment.
Your stone body is resilient. (AC +5)
You are immune to poison.
You resist negative energy. (rN+)
You are resistant to electric shocks. (rElec)
You can survive without breathing.
You are immune to petrification.
You are immune to rotting.


Message History

You hit the ogre.
The ogre is poisoned.
The ogre is lightly wounded.
Dowan gestures at you while chanting. The stone arrow hits you!
The ogre barely misses you.
You barely miss the ogre.
The ogre is lightly wounded.
Dowan casts a spell at you. The shard of ice hits you!
The ogre hits you but does no damage. Dowan hits you but does no damage.
Your skin crawls.
You feel resistant to hostile enchantments.
You are feeling hungry.
Dowan hits you but does no damage. The ogre hits you with a +0 giant club!
* * * LOW HITPOINT WARNING * * *
Dowan casts a spell at you. The stone arrow misses you.
The stone arrow hits the ogre!
You hit the ogre.
The ogre looks as sick as possible!
The ogre is almost dead.
Dowan hits you but does no damage. The ogre hits you with a +0 giant club!
You die...

#._..⌠.._..#
#..........#
#......... ..._...
# #...# .# #
#..#..# #.# #....#
#.#### #O####
.....### #@#
.......# ##e##
.###.#.# #...#
..##.#.########...#
..................#
..####.####.###.#.#
.## #.# #.# #.#.#
.#####.####.# #.#.#
...........<# #.#.#


You could see an ogre (extremely poisoned) and Dowan (fast, poisoned).

Vanquished Creatures
  Grinder (D:3)
  Sigmund (D:2)
  Menkaure (D:4)
  Duvessa (D:4)
  An ogre (D:4)
  2 hounds (D:4)
  2 worker ants (D:4)
  An adder (D:2)
  2 oozes
  5 worms
  8 dart slugs
  3 leopard geckos
  2 orcs (D:4)
  3 giant cockroaches
  10 goblins
  7 hobgoblins
  A jackal (D:2)
  8 kobolds
  3 quokkas (D:3)
  3 bats
  2 frilled lizards (D:2)
  6 rats
73 creatures vanquished.

Notes
Turn   | Place    | Note
-------+----------+-------------------------------------------
     0 | D:1      | Arthanis the Gargoyle Berserker began the quest for the
                  | Orb.
     0 | D:1      | Reached XP level 1. HP: 14/14 MP: 1/1
   329 | D:1      | Reached XP level 2. HP: 19/19 MP: 2/2
   822 | D:1      | Reached XP level 3. HP: 23/23 MP: 3/3
  1208 | D:2      | Reached ** piety under Trog
  1619 | D:2      | Reached XP level 4. HP: 25/29 MP: 4/4
  2017 | D:2      | Noticed Sigmund
  2027 | D:2      | Killed Sigmund
  2027 | D:2      | Reached XP level 5. HP: 34/34 MP: 5/5
  2027 | D:2      | Reached XP level 6. HP: 39/39 MP: 6/6
  2091 | D:2      | Noticed a moth of wrath
  2094 | D:2      | Found a bloodstained altar of Trog.
  2641 | D:3      | Noticed Grinder
  2665 | D:3      | Killed Grinder
  2665 | D:3      | Reached skill level 5 in Fighting
  2665 | D:3      | Reached skill level 5 in Axes
  2665 | D:3      | Reached XP level 7. HP: 38/44 MP: 7/7
  3632 | D:4      | Found Plog's Gadget Shop.
  3640 | D:4      | Noticed Menkaure
  3647 | D:4      | Killed Menkaure
  3793 | D:4      | Found an iron altar of Okawaru.
  3796 | D:4      | Found a hide-covered altar of Uskayaw.
  3796 | D:4      | Found a stormy altar of Qazlal.
  3796 | D:4      | Noticed Dowan
  3796 | D:4      | Noticed Duvessa
  3799 | D:4      | Found the +2 hood of the Assassin {Detection Stab+ Stlth++}
  3810 | D:4      | Killed Duvessa
  3810 | D:4      | Reached XP level 8. HP: 51/51 MP: 8/8
  3817 | D:4      | Slain by an ogre

Illustrated notes

Levels and vault maps discovered:
D:1:      dpeg_arrival_line_fractal, layout_basic,
          corexii_item_surrounded_by_moat
D:2:      minmay_evil_eye, layout_basic, tgw_trog, uniq_sigmund
D:3:      layout_basic, first_ration, uniq_grinder
D:4:      layout_loops_ring, grunt_temple_overflow_open, serial_shops,
          nicolae_shop_crystal, minmay_misc_feat_doors, uniq_duvessa,
          uniq_menkaure

Skill      XL: |  1  2  3  4  5  6  7 |
---------------+----------------------+-----
Axes           | 3 4 5 6 |  6.7
Dodging        | 2 |  2.0
Fighting       | 4 5 6 |  6.0
Armour         | 3 4 |  4.0

Action                   |  1- 3 |  4- 6 |  7- 9 || total
-------------------------+-------+-------+-------++-------
Melee: Hand axe          |    51 |       |       ||    51
       Dagger            |    40 |    82 |    94 ||   216
Invok: Berserk           |     2 |     2 |     2 ||     6
       Trog's Hand       |       |       |     1 ||     1
  Eat: Chunk             |     4 |     4 |     3 ||    11
       Ration            |       |       |     1 ||     1
Armor: Animal skin       |    36 |    16 |     3 ||    55
       Plate armour      |       |       |    49 ||    49
Dodge: Dodged            |    75 |    40 |    28 ||   143

Table legend:
 A = Non-vault XP
 B = Vault XP
 C = Vault XP percentage of total XP
 D = Non-vault monster count
 E = Vault monster count
 F = Vault count percentage of total count
                 A         B        C        D         E       F
            +---------+---------+-------+---------+---------+-------
      Total |     416 |     842 |  66.9 |      61 |      12 |  16.4
            +---------+---------+-------+---------+---------+-------
        D:1 |      43 |       0 |   0.0 |      25 |       0 |   0.0
        D:2 |      54 |     255 |  82.5 |      15 |       9 |  37.5
        D:3 |      22 |     277 |  92.6 |       9 |       1 |  10.0
        D:4 |     297 |     310 |  51.1 |      12 |       2 |  14.3
            +---------+---------+-------+---------+---------+-------
